 Dungeon Crawl Stone Soup version 0.19.4-9-g45fd643 (webtiles) character file.

1982 imbaray the Covert (level 9, -2/42 HPs)
             Began as a Vine Stalker Assassin on Feb 19, 2017.
             Was a Believer of Okawaru.
             Slain by a wyvern zombie (4 damage)
             ... on level 6 of the Dungeon.
             The game lasted 00:21:25 (4407 turns).

imbaray the Covert (Vine Stalker Assassin)          Turns: 4407, Time: 00:21:25

Health: -2/42      AC: 11    Str: 14    XL:     9   Next: 20%
Magic:  0/19       EV: 16    Int: 17    God:    Okawaru [**....]
Gold:   369        SH:  0    Dex: 18    Spells: 0 memorised, 8 levels left

rFire  . . .     SeeInvis .     k - +1 dagger (protect)
rCold  . . .     Gourm    .     c - +0 robe
rNeg   . . .     Faith    .     (no shield)
rPois  .         Spirit   +     (no helmet)
rElec  .         Reflect  .     d - +1 cloak
rCorr  .         Harm     .     (no gloves)
MR     +....                    (no boots)
Stlth  +++++.....               (no amulet)
                                r - ring of wizardry
                                h - ring of magical power

@: brilliant, lethally poisoned (-2 -> -3), protection aura
A: fangs 3, regeneration 1, magic shield, antimagic bite, no device heal 3, rot
immunity
a: Heroism, Renounce Religion


You were on level 6 of the Dungeon.
You worshipped Okawaru.
Okawaru was pleased with you.
You were not hungry.

You visited 1 branch of the dungeon, and saw 6 of its levels.
You also visited: Sewer.

You collected 369 gold pieces.

Inventory:

Hand Weapons
 b - a +0 blowgun
 k - a +1 dagger of protection (weapon)
Missiles
 e - 37 poisoned needles
 f - 2 curare-tipped needles
Armour
 c - a +0 robe (worn)
 d - a +1 cloak (worn)
Jewellery
 a - an uncursed ring of protection from fire
 h - a ring of magical power (left hand)
 r - a ring of wizardry (right hand)
Wands
 l - a wand of iceblast (15/15)
 o - a wand of acid (10/15)
Scrolls
 m - a scroll of blinking
 x - 3 scrolls of teleportation
 y - a scroll of magic mapping
Potions
 i - 8 potions of curing {unknown}
 p - 3 potions of brilliance
 q - a potion of heal wounds {unknown}
 s - a potion of magic {unknown}
 v - a potion of ambrosia {unknown}
Comestibles
 g - 3 bread rations
 j - a fruit
 n - 2 meat rations
 t - a chunk of flesh


   Skills:
 - Level 1.7 Fighting
 + Level 6.4 Short Blades
 - Level 1.7 Throwing
 + Level 5.6 Dodging
 + Level 10.1 Stealth


You had 8 spell levels left.
You didn't know any spells.

Dungeon Overview and Level Annotations

Branches:
Dungeon (6/15)
 Temple: D:4-7

Altars:
Ashenzari
Cheibriados
Dithmenos
Okawaru
Uskayaw
Vehumet
Yredelemnul


Innate Abilities, Weirdness & Mutations

You have razor-sharp teeth.
Your natural rate of healing is unusually fast.
When hurt, damage is shared between your health and your magic reserves.
Your bite disrupts and absorbs the magic of your enemies.
Potions and wands cannot restore your health.
You are immune to rotting.


Message History

The adder completely misses you. The wyvern zombie bites you!
* * * LOW HITPOINT WARNING * * *
You hit the wyvern zombie. You bite the wyvern zombie. You drain its power.
You feel invigorated.
The wyvern zombie is severely damaged.
You feel sick. The adder closely misses you. The wyvern zombie misses you.
You hit the wyvern zombie. Your bite misses the wyvern zombie.
The wyvern zombie is severely damaged.
The adder bites you.
You are more poisoned.
The adder poisons you! The wyvern zombie bites you!
* * * LOW HITPOINT WARNING * * *
You hit the wyvern zombie but do no damage.
The wyvern zombie is severely damaged.
The adder barely misses you. The wyvern zombie bites you.
* * * LOW HITPOINT WARNING * * *
It was a potion of brilliance.
You feel clever all of a sudden.
You feel sick. The adder closely misses you. The wyvern zombie bites you!
You die...

............#
............#
............#
............#
..........[.#
............#
#....†...#
#..S†....#
#..Z@....#
#........#
##########


You could see an adder and a wyvern zombie.

Vanquished Creatures
  Grinder (D:4)
  Sigmund (D:5)
  Eustachio (D:4)
  Edmund (D:4)
  A water moccasin (D:6)
  An ogre (D:4)
  3 big kobolds (Sewer)
  2 bullfrogs
  A scorpion (D:4)
  A quasit (D:5)
  2 hounds
  A jelly (D:5)
  An orc priest (D:5)
  An iguana (D:5)
  Ijyb (D:3)
  Natasha (thrice) (D:3)
  An orc wizard (D:5)
  3 worker ants
  A killer bee zombie (D:5)
  A howler monkey zombie (D:5)
  3 gnolls (D:3)
  20 adders
  2 river rats
  3 oozes
  An adder zombie (D:5)
  4 worms
  9 dart slugs
  5 leopard geckos
  7 orcs
  3 ball pythons
  5 bats
  6 giant cockroaches
  9 goblins
  10 hobgoblins
  7 jackals
  3 quokkas
  6 frilled lizards
  8 kobolds
  A quokka skeleton (D:5)
  A quokka zombie (D:5)
  13 rats
154 creatures vanquished.

Vanquished Creatures (others)
  A dart slug (D:5)
1 creature vanquished.

Grand Total: 155 creatures vanquished

Notes
Turn   | Place    | Note
-------+----------+-------------------------------------------
     0 | D:1      | imbaray the Vine Stalker Assassin began the quest for the Orb.
     0 | D:1      | Reached XP level 1. HP: 11/11 MP: 2/2
   154 | D:1      | Reached skill level 1 in Dodging
   204 | D:1      | Reached skill level 5 in Stealth
   204 | D:1      | Reached XP level 2. HP: 15/15 MP: 3/3
   522 | D:2      | Reached XP level 3. HP: 16/18 MP: 4/4
   823 | D:2      | Found a shadowy altar of Dithmenos.
   835 | D:2      | Found a basalt altar of Yredelemnul.
   846 | D:2      | Found a radiant altar of Vehumet.
  1237 | D:2      | Gained mutation: Your natural rate of healing is unusually fast. [Vine Stalker growth]
  1237 | D:2      | Reached XP level 4. HP: 23/23 MP: 5/5
  1458 | D:3      | Noticed Natasha
  1479 | D:3      | Killed Natasha
  1533 | D:3      | Noticed Ijyb
  1557 | D:3      | Killed Ijyb
  1557 | D:3      | Reached skill level 6 in Stealth
  1557 | D:3      | Reached XP level 5. HP: 13/26 MP: 2/6
  1593 | D:3      | HP: 1/26 [orc (2)]
  1702 | D:3      | HP: 1/26 [poisoned by an adder]
  1819 | D:3      | Noticed Natasha
  1827 | D:3      | Killed Natasha
  1860 | D:3      | Noticed Natasha
  1885 | D:3      | Reached XP level 6. HP: 30/30 MP: 7/7
  1899 | D:3      | Killed Natasha
  2211 | D:3      | Found a shattered altar of Ashenzari.
  2363 | D:4      | Reached skill level 7 in Stealth
  2445 | D:4      | Reached XP level 7. HP: 34/34 MP: 8/8
  2501 | D:4      | Noticed Edmund
  2579 | D:4      | Killed Edmund
  2643 | D:4      | Found an iron altar of Okawaru.
  2646 | D:4      | Became a worshipper of Warmaster Okawaru
  2702 | D:4      | Found a snail-covered altar of Cheibriados.
  2764 | D:4      | Noticed a dagger
  2765 | D:4      | Noticed a hand axe
  2765 | D:4      | Found a hide-covered altar of Uskayaw.
  2771 | D:4      | Noticed Grinder
  2782 | D:4      | Noticed Eustachio
  2820 | D:4      | Killed Eustachio
  2820 | D:4      | Reached skill level 8 in Stealth
  2897 | D:4      | Killed Grinder
  2897 | D:4      | Reached skill level 5 in Short Blades
  2897 | D:4      | Gained mutation: You have razor-sharp teeth. [Vine Stalker growth]
  2897 | D:4      | Reached XP level 8. HP: 12/38 MP: 9/9
  2988 | D:5      | Entered Level 5 of the Dungeon
  3037 | D:5      | Reached * piety under Okawaru
  3219 | D:5      | Noticed Sigmund
  3227 | D:5      | Killed Sigmund
  3227 | D:5      | Reached skill level 9 in Stealth
  3503 | D:5      | Found a glowing drain.
  3509 | Sewer    | Entered a sewer
  3588 | Sewer    | Reached skill level 5 in Dodging
  3917 | Sewer    | Reached XP level 9. HP: 42/42 MP: 10/10
  4374 | D:6      | Reached skill level 10 in Stealth
  4378 | D:6      | Reached ** piety under Okawaru
  4406 | D:6      | HP: 2/42 [wyvern zombie (1)]
  4407 | D:6      | Slain by a wyvern zombie

Skill      XL: |  1  2  3  4  5  6  7  8  9 |
---------------+----------------------------+-----
Dodging        | 1 2 3 4 5 |  5.6
Stealth        | 5 6 7 8 9 10 | 10.1
Short Blades   | 2 3 5 6 |  6.4
Fighting       | |  1.7
Throwing       | |  1.7

Action                   |  1- 3 |  4- 6 |  7- 9 || total
-------------------------+-------+-------+-------++-------
Melee: Dagger            |    90 |   226 |   549 ||   865
       Bite              |    21 |    67 |   161 ||   249
  Use: Scroll            |     2 |       |     7 ||     9
       Potion            |       |       |     1 ||     1
 Stab: Sleeping          |     9 |     7 |    17 ||    33
       Distracted        |     2 |       |       ||     2
  Eat: Chunk             |       |     5 |     6 ||    11
       Fruit             |       |       |     2 ||     2
Armor: Robe              |    13 |    46 |   132 ||   191
Dodge: Dodged            |    52 |   136 |   358 ||   546
